SAA
CHESAPEAKE CONTINENTALS @ MARQUETTE MINERS
09/05/2026
 
TOP OF THE 1ST
Chesapeake Continentals batting - Pitching for Marquette Miners : LHP Luis Ortíz
Pitching: LHP Luis Ortíz
Batting: RHB Vincent Vega 0-0: Foul Ball, location: 2F
0-1: Foul Ball, location: 2F
0-2: Strikes out looking
Batting: RHB Dave Yates 0-0: Fly out, F4 (Popup, 34D)
Batting: RHB Lionel McCloud 0-0: Ball
1-0: Swinging Strike
1-1: Foul Ball, location: 2F
1-2: Ball
2-2: Strikes out swinging
Top of the 1st over - 0 run(s), 0 hit(s), 0 error(s), 0 left on base; Chesapeake 0 - Marquette 0
BOTTOM OF THE 1ST
Marquette Miners batting - Pitching for Chesapeake Continentals : RHP Dave Stephenson
Pitching: RHP Dave Stephenson
Batting: RHB Norman Winston 0-0: Ball
1-0: Ground out 4-3 (Groundball, 4)
Batting: RHB Edwin Berns 0-0: Ball
1-0: Ball
2-0: Ground out 1-3 (Groundball, 13S)
Batting: LHB Dale Miller 0-0: Called Strike
0-1: Foul Ball, location: 2F
0-2: Fly out, F7 (Flyball, 78M)
Bottom of the 1st over - 0 run(s), 0 hit(s), 0 error(s), 0 left on base; Chesapeake 0 - Marquette 0
TOP OF THE 2ND
Chesapeake Continentals batting - Pitching for Marquette Miners : LHP Luis Ortíz
Batting: RHB Ken Sandoval 0-0: Called Strike
0-1: Ball
1-1: Ground out U3 (Groundball, 34)
Batting: RHB Rudko Hrnjak 0-0: Called Strike
0-1: Swinging Strike
0-2: Strikes out swinging
Batting: RHB Jouo Hirschovits 0-0: Ball
1-0: Ball
2-0: SOLO HOME RUN (Line Drive, 78XD), Distance : 461 ft
Batting: RHB Christian Hoover 0-0: Called Strike
0-1: Ball
1-1: Foul Ball, location: 2F
1-2: Strikes out swinging
Top of the 2nd over - 1 run(s), 1 hit(s), 0 error(s), 0 left on base; Chesapeake 1 - Marquette 0
BOTTOM OF THE 2ND
Marquette Miners batting - Pitching for Chesapeake Continentals : RHP Dave Stephenson
Batting: LHB Locke Lamora 0-0: Ground out U3 (Groundball, 34S)
Batting: RHB Derrek Conklin 0-0: Ball
1-0: Swinging Strike
1-1: SINGLE (Groundball, 56S) (infield hit)
Batting: RHB Harvey Spectre 0-0: Ball
1-0: SINGLE (Groundball, 34D)
Derrek Conklin to second
Runner from 2nd tries for 3rd, SAFE, throw made to third
Batting: LHB Ramón Hernández 0-0: Ball
1-0: Called Strike
Harvey Spectre steals 2nd base
1-1: Swinging Strike
1-2: Ball
2-2: Ground out 4-3 (Groundball, 4D)
Derrek Conklin scores
Harvey Spectre to third
Batting: LHB Dong-hwan Yun 0-0: Ball
1-0: Foul Ball, location: 2F
1-1: Called Strike
1-2: Strikes out swinging
Bottom of the 2nd over - 1 run(s), 2 hit(s), 0 error(s), 1 left on base; Chesapeake 1 - Marquette 1
TOP OF THE 3RD
Chesapeake Continentals batting - Pitching for Marquette Miners : LHP Luis Ortíz
Batting: SHB Ludovic Michel 0-0: DOUBLE (Line Drive, 78D)
Batting: RHB Júlio Vargas 0-0: Called Strike
0-1: Foul Ball, location: 2F
0-2: Strikes out looking
Batting: RHB Vincent Vega 0-0: Fly out, F9 (Flyball, 89D)
Runner from 2nd tags up, SAFE at 3rd, no throw
Batting: RHB Dave Yates 0-0: Ball
1-0: Called Strike
1-1: Foul Ball, location: 2F
1-2: Ground out 5-3 (Groundball, 5)
Top of the 3rd over - 0 run(s), 1 hit(s), 0 error(s), 1 left on base; Chesapeake 1 - Marquette 1
BOTTOM OF THE 3RD
Marquette Miners batting - Pitching for Chesapeake Continentals : RHP Dave Stephenson
Batting: SHB Jim Unknown 0-0: Ball
1-0: Ball
2-0: SINGLE (Flyball, 8RS)
Batting: RHB Norman Winston 0-0: TRIPLE (Flyball, 9LM)
Jim Unknown scores
Batting: RHB Edwin Berns 0-0: Called Strike
0-1: Swinging Strike
0-2: Ball
1-2: Ball
2-2: Ground out 6-3 (Groundball, 6)
Norman Winston scores
Batting: LHB Dale Miller 0-0: Called Strike
0-1: Swinging Strike
0-2: Foul Ball, location: 2F
0-2: Fly out, F7 (Flyball, 7LM)
Batting: LHB Locke Lamora 0-0: Ball
1-0: Called Strike
1-1: Ball
2-1: Swinging Strike
2-2: Foul Ball, location: 2F
2-2: Strikes out looking
Bottom of the 3rd over - 2 run(s), 2 hit(s), 0 error(s), 0 left on base; Chesapeake 1 - Marquette 3
TOP OF THE 4TH
Chesapeake Continentals batting - Pitching for Marquette Miners : LHP Luis Ortíz
Batting: RHB Lionel McCloud 0-0: Called Strike
0-1: Ball
1-1: SINGLE (Line Drive, 6MD)
Batting: RHB Ken Sandoval 0-0: Grounds into double play, 6-4-3 (Groundball, 6M)
Batting: RHB Rudko Hrnjak 0-0: Called Strike
0-1: Called Strike
0-2: Strikes out swinging
Top of the 4th over - 0 run(s), 1 hit(s), 0 error(s), 0 left on base; Chesapeake 1 - Marquette 3
BOTTOM OF THE 4TH
Marquette Miners batting - Pitching for Chesapeake Continentals : RHP Dave Stephenson
Batting: RHB Derrek Conklin 0-0: Ball
1-0: Swinging Strike
1-1: DOUBLE (Line Drive, 7LD)
Batting: RHB Harvey Spectre 0-0: Foul Ball, location: 2F
0-1: Called Strike
0-2: Foul Ball, location: 2F
0-2: Strikes out looking
Batting: LHB Ramón Hernández 0-0: Ball
1-0: Ball
2-0: Ball
3-0: Base on Balls
Batting: LHB Dong-hwan Yun 0-0: Ball
1-0: Reached on error, E3 (Groundball, 3S)
Derrek Conklin to third
Ramón Hernández to second
Batting: SHB Jim Unknown 0-0: Fly out, F7 (Flyball, 7S)
Batting: RHB Norman Winston 0-0: Ball
1-0: Fly out, F6 (Popup, 56D)
Bottom of the 4th over - 0 run(s), 1 hit(s), 1 error(s), 3 left on base; Chesapeake 1 - Marquette 3
TOP OF THE 5TH
Chesapeake Continentals batting - Pitching for Marquette Miners : LHP Luis Ortíz
Batting: RHB Jouo Hirschovits 0-0: Called Strike
0-1: Called Strike
0-2: Ball
1-2: Ball
2-2: Fly out, F8 (Flyball, 78XD)
Batting: RHB Christian Hoover 0-0: SOLO HOME RUN (Flyball, 7D), Distance : 435 ft
Batting: SHB Ludovic Michel 0-0: Single, Error in OF, E7, batter to second base
Batting: RHB Júlio Vargas 0-0: Foul Ball, location: 2F
0-1: Fly out, F7 (Flyball, 7)
Batting: RHB Vincent Vega 0-0: Ball
1-0: Ball
2-0: Swinging Strike
2-1: Ball
3-1: Base on Balls
Batting: RHB Dave Yates 0-0: Called Strike
0-1: Swinging Strike
0-2: Ball
1-2: Fielders Choice at 2nd, 6-4 (Groundball, 6)
Top of the 5th over - 1 run(s), 2 hit(s), 1 error(s), 1 left on base; Chesapeake 2 - Marquette 3
BOTTOM OF THE 5TH
Marquette Miners batting - Pitching for Chesapeake Continentals : RHP Dave Stephenson
Batting: RHB Edwin Berns 0-0: Swinging Strike
0-1: Ball
1-1: Ball
2-1: Ball
3-1: Foul Ball, location: 2F
3-2: Strikes out looking
Batting: LHB Dale Miller 0-0: Called Strike
0-1: Fly out, F9 (Line Drive, 9)
Batting: LHB Locke Lamora 0-0: Called Strike
0-1: Ball
1-1: Fly out, F7 (Flyball, 78S)
Bottom of the 5th over - 0 run(s), 0 hit(s), 0 error(s), 0 left on base; Chesapeake 2 - Marquette 3
TOP OF THE 6TH
Chesapeake Continentals batting - Pitching for Marquette Miners : LHP Luis Ortíz
Batting: RHB Lionel McCloud 0-0: Called Strike
0-1: Called Strike
0-2: Strikes out swinging
Batting: RHB Ken Sandoval 0-0: Fly out, F9 (Flyball, 9)
Batting: RHB Rudko Hrnjak 0-0: Swinging Strike
0-1: Ground out 6-3 (Groundball, 6)
Top of the 6th over - 0 run(s), 0 hit(s), 0 error(s), 0 left on base; Chesapeake 2 - Marquette 3
BOTTOM OF THE 6TH
Marquette Miners batting - Pitching for Chesapeake Continentals : RHP Dave Stephenson
Batting: RHB Derrek Conklin 0-0: Ball
1-0: SINGLE (Flyball, 78S)
Batting: RHB Harvey Spectre 0-0: Bunted foul
0-1: Bunt missed!
0-2: Foul Ball, location: 2F
0-2: Ball
1-2: Foul Ball, location: 2F
1-2: SINGLE (Line Drive, 4MD)
Derrek Conklin to second
Batting: LHB Ramón Hernández 0-0: Bunt missed!
0-1: Bunted foul
0-2: Ball
1-2: Foul Ball, location: 2F
1-2: Ball
2-2: Ball
3-2: DOUBLE (Groundball, 3L)
Derrek Conklin scores
Harvey Spectre to third
Batting: LHB Dong-hwan Yun 0-0: Intentional Walk
Batting: SHB Jim Unknown 0-0: Ball
1-0: Foul Ball, location: 2F
1-1: Ball
2-1: Swinging Strike
2-2: Ball
3-2: Base on Balls
Harvey Spectre scores
Ramón Hernández to third
Dong-hwan Yun to second
Batting: RHB Norman Winston 0-0: Called Strike
0-1: Swinging Strike
0-2: Foul Ball, location: 2F
0-2: Ball
1-2: Foul Ball, location: 2F
1-2: Ball
2-2: Fly out, F4 (Popup, 4D)
Pitching: RHP Eddie Schmitt
Batting: RHB Edwin Berns 0-0: SINGLE (Line Drive, 34)
Ramón Hernández scores
Dong-hwan Yun to third
Jim Unknown to second
Batting: LHB Dale Miller 0-0: Ball
1-0: Foul Ball, location: 2F
1-1: Foul Ball, location: 2F
1-2: Foul Ball, location: 2F
1-2: Ball
2-2: Fly out, F9 (Flyball, 9)
Runner from 3rd tags up, SCORES, no throw
Batting: LHB Locke Lamora 0-0: Called Strike
0-1: Called Strike
0-2: Ball
1-2: Fly out, F7 (Flyball, 78D)
Bottom of the 6th over - 4 run(s), 4 hit(s), 0 error(s), 2 left on base; Chesapeake 2 - Marquette 7
TOP OF THE 7TH
Chesapeake Continentals batting - Pitching for Marquette Miners : LHP Luis Ortíz
Batting: RHB Jouo Hirschovits 0-0: SINGLE (Groundball, 6MD)
Batting: RHB Christian Hoover 0-0: Called Strike
0-1: Called Strike
0-2: DOUBLE (Line Drive, 78D)
Jouo Hirschovits to third
Batting: SHB Ludovic Michel 0-0: Foul Ball, location: 2F
0-1: Ball
1-1: Foul Ball, location: 2F
1-2: Ball
2-2: Foul Ball, location: 2F
2-2: Ball
3-2: Ground out 4-3 (Groundball, 4)
Jouo Hirschovits scores
Christian Hoover to third
Batting: RHB Júlio Vargas 0-0: Foul Ball, location: 2F
0-1: Ball
1-1: Ground out 6-3 (Groundball, 6)
Christian Hoover scores
Batting: RHB Vincent Vega 0-0: Ball
1-0: Called Strike
1-1: Foul Ball, location: 2F
1-2: Foul Ball, location: 2F
1-2: Ball
2-2: Fly out, F9 (Flyball, 9)
Top of the 7th over - 2 run(s), 2 hit(s), 0 error(s), 0 left on base; Chesapeake 4 - Marquette 7
BOTTOM OF THE 7TH
Marquette Miners batting - Pitching for Chesapeake Continentals : RHP Eddie Schmitt
Batting: RHB Derrek Conklin 0-0: Foul Ball, location: 2F
0-1: Called Strike
0-2: Ball
1-2: Foul Ball, location: 2F
1-2: Foul Ball, location: 2F
1-2: Ball
2-2: Foul Ball, location: 2F
2-2: Ball
3-2: Strikes out swinging
Batting: RHB Harvey Spectre 0-0: Called Strike
0-1: Ball
1-1: Ball
2-1: Ball
3-1: Foul Ball, location: 2F
3-2: SINGLE (Line Drive, 8LS)
Batting: LHB Ramón Hernández 0-0: Ball
1-0: Foul Ball, location: 2F
1-1: Ball
2-1: Ball
3-1: Base on Balls
Harvey Spectre to second
Batting: LHB Dong-hwan Yun 0-0: Called Strike
Harvey Spectre steals 3rd base
Ramón Hernández to second
0-1: Swinging Strike
0-2: Ball
1-2: Ball
2-2: Ball
3-2: Intentional Walk
Batting: SHB Jim Unknown 0-0: Ball
1-0: Ball
2-0: Called Strike
2-1: Fly out, F8 (Flyball, 8LD)
Runner from 3rd tags up, SCORES, no throw
Ramón Hernández to third
Batting: RHB Norman Winston 0-0: Ball
1-0: Called Strike
1-1: Foul Ball, location: 2F
1-2: Strikes out swinging
Bottom of the 7th over - 1 run(s), 1 hit(s), 0 error(s), 2 left on base; Chesapeake 4 - Marquette 8
TOP OF THE 8TH
Chesapeake Continentals batting - Pitching for Marquette Miners : LHP Luis Ortíz
Pitching: LHP Joaquín Velázquez
Batting: RHB Dave Yates 0-0: Fly out, F5 (Popup, 5L)
Batting: RHB Lionel McCloud 0-0: Called Strike
0-1: Ball
1-1: Foul Ball, location: 2F
1-2: Strikes out swinging
Batting: RHB Ken Sandoval 0-0: Ball
1-0: Foul Ball, location: 2F
1-1: Hit by Pitch
Batting: RHB Rudko Hrnjak 0-0: Foul Ball, location: 2F
0-1: Ball
1-1: DOUBLE (Line Drive, 89XD)
Ken Sandoval to third
Runner from 3rd tries for Home, SAFE, no throw
Pitching: RHP Mario Castillo
Batting: RHB Jouo Hirschovits 0-0: Foul Ball, location: 2F
0-1: Swinging Strike
0-2: Ground out 6-3 (Groundball, 6)
Top of the 8th over - 1 run(s), 1 hit(s), 0 error(s), 1 left on base; Chesapeake 5 - Marquette 8
BOTTOM OF THE 8TH
Marquette Miners batting - Pitching for Chesapeake Continentals : RHP Eddie Schmitt
Batting: RHB Edwin Berns 0-0: Ball
1-0: Foul Ball, location: 2F
1-1: Foul Ball, location: 2F
1-2: Ball
2-2: Strikes out swinging
Pitching: RHP Jesús Colón
Batting: LHB Dale Miller 0-0: Fly out, F8 (Flyball, 89M)
Batting: LHB Locke Lamora 0-0: Ball
1-0: Called Strike
1-1: Ball
2-1: Called Strike
2-2: Foul Ball, location: 2F
2-2: Strikes out swinging
Bottom of the 8th over - 0 run(s), 0 hit(s), 0 error(s), 0 left on base; Chesapeake 5 - Marquette 8
TOP OF THE 9TH
Chesapeake Continentals batting - Pitching for Marquette Miners : RHP Mario Castillo
Pitching: RHP Addick Lubbers
Batting: RHB Christian Hoover 0-0: Swinging Strike
0-1: Ball
1-1: Ball
2-1: Ball
3-1: Called Strike
3-2: Strikes out swinging
Batting: SHB Ludovic Michel 0-0: Ball
1-0: Foul Ball, location: 2F
1-1: Ball
2-1: Foul Ball, location: 2F
2-2: Ball
3-2: Strikes out swinging
Batting: RHB Júlio Vargas 0-0: Ball
1-0: Ball
2-0: Called Strike
2-1: Foul Ball, location: 2F
2-2: Strikes out swinging
Top of the 9th over - 0 run(s), 0 hit(s), 0 error(s), 0 left on base; Chesapeake 5 - Marquette 8
Monday, March 20th, 2017 - OOTP Baseball 17.12 Build 75